 Dungeon Crawl Stone Soup version 0.27.1-15-g792fb953b9 (webtiles) character file.

Game seed: 14976329636830628017

80 bellerephron the Shield-Bearer (level 4, -7/35 HPs)
             Began as a Demonspawn Fighter on Nov 20, 2021.
             Was a Follower of Uskayaw.
             Mangled by an ogre (19 damage)
             ... on level 3 of the Dungeon.
             The game lasted 00:06:29 (2382 turns).

bellerephron the Shield-Bearer (Demonspawn Fighter) Turns: 2382, Time: 00:06:30

Health: -7/35      AC:  8    Str: 17    XL:     4   Next: 18%
Magic:  4/4        EV:  7    Int:  9    God:    Uskayaw [*.....]
Gold:   115        SH:  9    Dex: 13    Spells: 3/3 levels left

rFire    . . .     SeeInvis .   a - +0 war axe
rCold    . . .     Faith    .   c - +0 kite shield
rNeg     . . .     Spirit   .   b - +0 scale mail
rPois    .         Reflect  .   (no helmet)
rElec    .         Harm     .   (no cloak)
rCorr    .         Rampage  .   (no gloves)
Will     .....                  (no boots)
Stlth    ..........             (no amulet)
HPRegen  0.11/turn              (no ring)
MPRegen  0.09/turn              (no ring)

@: no status effects
A: claws 1, thin metallic scales 1, foul stench 1
a: Renounce Religion, Stomp


You were on level 3 of the Dungeon.
You worshipped Uskayaw.
Uskayaw was noncommittal.
You visited 1 branch of the dungeon, and saw 3 of its levels.

You collected 115 gold pieces.

Inventory:

Hand Weapons
 a - a +0 war axe (weapon)
Missiles
 g - 105 stones
 r - 6 atropa-tipped darts (quivered)
Armour
 b - a +0 scale mail (worn)
 c - a +0 kite shield (worn)
 n - a +0 plate armour
Scrolls
 e - a scroll of enchant weapon {unknown}
 h - 2 scrolls of vulnerability {unknown}
 i - a scroll of amnesia {unknown}
 j - a scroll of enchant armour {unknown}
 l - a scroll of identify {unknown}
 o - a scroll of holy word {unknown}
 p - a scroll of immolation {unknown}
 q - 2 scrolls of torment {unknown}
 s - a scroll of noise {unknown}
Potions
 d - a potion of might
 f - 3 potions of curing
 k - 4 potions of heal wounds {unknown}
 m - 2 potions of ambrosia {unknown}
 t - a potion of degeneration {unknown}


   Skills:
 + Level 3.3 Fighting
 + Level 2.7 Axes
 + Level 2.9 Armour
 - Level 0.2 Dodging
 * Level 3.5 Shields


You had 3 spell levels left.
You didn't know any spells.
Your spell library contained the following spells:

 Spells                   Type           Power      Damage    Failure   Level
 Magic Dart               Conj           0%         1d3       99%         1
 Shock                    Conj/Air       0%         1d3       99%         1
 Call Imp                 Summ           0%         N/A       100%        2
 Mephitic Cloud           Conj/Pois/Air  0%         N/A       100%        3
 Swiftness                Air            0%         N/A       100%        3
 Airstrike                Air            0%         N/A       100%        4


Dungeon Overview and Level Annotations

Branches:
Dungeon (3/15)

Altars:
Uskayaw

Shops:
D:1 !


Innate Abilities, Weirdness & Mutations

You have sharp fingernails.
You are partially covered in thin metallic scales. (AC +2)
You may rarely emit foul miasma when damaged in melee.


Message History

There is an open door here.
There is a stone staircase leading down here.
You climb downwards.
There is a stone staircase leading up here.
Found a stone staircase leading up.
Found 12 gold pieces.
Found a leather armour.
Found 2 gold pieces.
Found a faded altar of an unknown god.
You now have 115 gold pieces (gained 12).
An ogre comes into view. It is wielding a +0 giant spiked club.
The ogre shouts!
The ogre moves out of view.
Found a scroll labelled RIACOA NEREODA.
There is a faded altar of an unknown god here.
You cannot tell which god this altar belongs to.
Convert to them anyway?
Okay, then.
You cannot tell which god this altar belongs to.
Convert to them anyway?
Uskayaw accepts your prayer! Uskayaw welcomes you!
You can now stomp with the beat.
Throw: 7 darts (atropa)
Press: ? - help, Q - select action, (/) - cycle Shift-Dir - straight line, f - ogre
Aim: an ogre, wielding a +0 giant spiked club (73% to hit, chance to blind on hit: 27%)
You throw an atropa-tipped dart. The atropa-tipped dart hits the ogre.
The ogre appears confused.
The ogre seems less confused.
You hit the ogre but do no damage.
The ogre hits you with a +0 giant spiked club!
You strike the helpless ogre from behind!
You slash the ogre!
The ogre is moderately wounded.
The ogre is no longer blind.
The ogre hits you with a +0 giant spiked club!
* * * LOW HITPOINT WARNING * * *
Unknown command.
It was a potion of curing.
You feel better.
The ogre hits you with a +0 giant spiked club!!
Ouch! That really hurt!
You die...

## #.## ?.. ...# #.#
#..#
..###..###########
.......[........
##.##.........#
#.#...#.........#####
#..._@O.............#
#..#...#(........###.#
# ##.##.........# #.#
....$.........###.##
......##.#####..<....
######. #.# #.###.##
#+ #.# #.# #.## #O.
..# #..# .## #####.#


You could see an ogre.

Vanquished Creatures
  3 adders (D:2)
  2 dart slugs (D:2)
  6 ball pythons
  3 endoplasms
  A giant cockroach (D:1)
  3 hobgoblins (D:1)
  4 jackals
  2 quokkas
  7 bats
  2 frilled lizards
  4 goblins
  8 kobolds
  3 rats
48 creatures vanquished.

Vanquished Creatures (others)
  A fungus (D:3)
1 creature vanquished.

Grand Total: 49 creatures vanquished

Notes
Turn   | Place    | Note
-------+----------+-------------------------------------------
     0 | D:1      | bellerephron the Demonspawn Fighter began the quest for the
                  | Orb.
     0 | D:1      | Reached XP level 1. HP: 18/18 MP: 1/1
    95 | D:1      | Gained mutation: You are partially covered in thin metallic
                  | scales. (AC +2) [demonic ancestry]
    95 | D:1      | Reached XP level 2. HP: 13/24 MP: 2/2
   772 | D:1      | Found Irahith's Distillery.
  1021 | D:2      | Gained mutation: You may rarely emit foul miasma when
                  | damaged in melee. [demonic ancestry]
  1021 | D:2      | Reached XP level 3. HP: 24/29 MP: 3/3
  1668 | D:2      | Gained mutation: You have sharp fingernails. [demonic
                  | ancestry]
  1668 | D:2      | Reached XP level 4. HP: 25/35 MP: 4/4
  2368 | D:3      | Found a faded altar of an unknown god.
  2370 | D:3      | Noticed an ogre
  2377 | D:3      | Became a worshipper of Uskayaw the Reveller
  2377 | D:3      | Reached * piety under Uskayaw
  2382 | D:3      | Mangled by an ogre

Illustrated notes

Levels and vault maps discovered:
D:1:      minmay_arrival_radiant_lines, layout_basic, serial_shops, shop,
          amcnicky_mini_pool_small
D:2:      kennysheep_six_static_rooms, layout_basic, minmay_small_reverse_x
D:3:      layout_loops_corners, zin_statuary, mainiacjoe_overflow_big_doors,
          ebering_ecumenical_altar_box

Skill      XL: |  1  2 |
---------------+-------+-----
Shields        | 3 |  3.5
Axes           | 2 |  2.7
Fighting       | |  3.3
Armour         | |  2.9
Dodging        | |  0.2

Action                   |  1- 3 |  4- 6 || total
-------------------------+-------+-------++-------
Melee: War axe           |   139 |    13 ||   152
Throw: Stone             |     3 |       ||     3
       Dart              |       |     1 ||     1
  Use: Potion            |       |     1 ||     1
 Stab: Invisible         |       |     1 ||     1
Armor: Scale mail        |   102 |    11 ||   113
Dodge: Dodged            |    42 |     5 ||    47
Block: Kite shield       |    80 |     6 ||    86
